 Dungeon Crawl Stone Soup version 0.19.0-11-g3fc08b3 (webtiles) character file.

72 Malachi the Insei (level 3, 0/28 HPs)
             Began as a Demigod Transmuter on Nov 9, 2016.
             Slain by a gnoll
             ... wielding a +0 whip
              (3 damage)
             ... on level 2 of the Dungeon.
             The game lasted 00:03:19 (2786 turns).

Malachi the Insei (Demigod Transmuter)              Turns: 2786, Time: 00:03:20

Health: 0/28       AC:  2    Str: 13    XL:     3   Next: 82%
Magic:  12/17      EV: 13    Int: 19    God:
Gold:   86         SH:  0    Dex: 16    Spells: 2 memorised, 3 levels left

rFire  . . .     SeeInvis .       - Unarmed
rCold  . . .     Gourm    .     b - +0 robe
rNeg   . . .     Faith    .     (no shield)
rPois  .         Spirit   .     (no helmet)
rElec  .         Reflect  .     (no cloak)
rCorr  .         Harm     .     (no gloves)
MR     .....                    (no boots)
Stlth  +.........               (no amulet)
                                (no ring)
                                e - ring of magical power

@: no status effects
A: high mp 1
a: no special abilities


You were on level 2 of the Dungeon.
You were hungry.

You visited 1 branch of the dungeon, and saw 2 of its levels.

You collected 86 gold pieces.

Inventory:

Missiles
 a - 15 arrows
Armour
 b - a +0 robe (worn)
Jewellery
 e - a ring of magical power (left hand)
 p - an uncursed amulet of faith {unknown}
Scrolls
 j - 2 scrolls of remove curse
 k - a scroll of recharging
 l - a scroll of identify
Potions
 g - 2 potions of might
Books
 c - a book of Changes

   Spells                             Type                      Level
   a - Beastly Appendage              Transmutation                1
   b - Sticks to Snakes               Transmutation                2
   c - Spider Form                    Transmutation/Poison         3
   d - Ice Form                       Ice/Transmutation            4
   e - Blade Hands                    Transmutation                5
Comestibles
 d - a bread ration
 f - a slice of pizza
 n - a meat ration
 o - a beef jerky


   Skills:
 + Level 1.1 Fighting
 + Level 2.2 Dodging
 + Level 3.6 Unarmed Combat
 + Level 2.1 Spellcasting
 + Level 2.3 Transmutations


You had 3 spell levels left.
You knew the following spells:

 Your Spells              Type           Power        Failure   Level  Hunger
a - Beastly Appendage     Tmut           ##....       10%         1    #......
b - Sticks to Snakes      Tmut           ##......     12%         2    ##.....


Dungeon Overview and Level Annotations

Branches:
Dungeon (2/15)


Innate Abilities, Weirdness & Mutations

You have an increased reservoir of magic. (+10% MP)


Message History

The gnoll drinks a potion.
The gnoll seems to speed up.
Casting: Sticks to Snakes
Confirm with . or Enter, or press ? or * to list all spells.
You create a snake!
You now have 16 arrows.
The gnoll hits your ball python with a whip!
Your ball python dies!
Casting: Sticks to Snakes
Confirm with . or Enter, or press ? or * to list all spells.
You create a snake!
You now have 15 arrows.
Your ball python bites the gnoll but does no damage.
Your ball python closely misses the gnoll.
The gnoll hits you with a whip.
* * * LOW HITPOINT WARNING * * *
A gnoll comes into view. It is wielding a whip.
Unknown command.
The gnoll barely misses you.
Your ball python bites the gnoll.
Your ball python barely misses the gnoll.
A gnoll comes into view. It is wielding a halberd.
The gnoll hits you with a whip.
You die...

........g...##.###.########
........####.##.#...........
........# #.##.###.########
.........# #.##.# #.#
........####.##.# #(#
##+###.g....##g# #.#
#....)......###.#
#.#.....S.....#.# ######
#.#....@gS..#.#.# #..... ##
###.#..######'#'#.# #..... ..
#.#.#..# #........# #..... .#
#.#.#..###........# ###### .#
#.......).........# .#
#.#.#####.......... .#
#.#.#.....#..........#
.#####.#.#.#.......###+##.#
.....#.#.#.###.#.#.###+##+####


You could see 3 gnolls, a friendly adder and a friendly ball python.

Vanquished Creatures
  3 adders (D:2)
  4 orcs (D:1)
  4 bats
  A giant cockroach (D:2)
  2 goblins (D:1)
  2 hobgoblins (D:1)
  12 jackals
  2 ball pythons
  A frilled lizard (D:1)
  5 kobolds
  2 rats (D:1)
38 creatures vanquished.

Notes
Turn   | Place    | Note
-------+----------+-------------------------------------------
     0 | D:1      | Malachi the Demigod Transmuter began the quest for the Orb.
     0 | D:1      | Reached XP level 1. HP: 15/15 MP: 5/5
   509 | D:1      | Reached skill level 3 in Unarmed Combat
   641 | D:1      | Reached XP level 2. HP: 16/22 MP: 5/7
  1030 | D:1      | Learned a level 2 spell: Sticks to Snakes
  1050 | D:1      | Reached skill level 1 in Fighting
  1467 | D:1      | Reached XP level 3. HP: 13/28 MP: 3/8
  2786 | D:2      | Slain by a gnoll

Skill      XL: |  1  2 |
---------------+-------+-----
Unarmed Combat | 3 |  3.6
Fighting       | 1 |  1.1
Transmutations | 2 |  2.3
Dodging        | 2 |  2.2
Spellcasting   | 2 |  2.1

Action                   || total
-------------------------++-------
Melee: Unarmed           ||   151
       Headbutt          ||    10
       Kick              ||    13
       Punch             ||     4
 Cast: Beastly Appendage ||    24
       Sticks to Snakes  ||     7
  Use: Scroll            ||     4
       Potion            ||     3
 Stab: Sleeping          ||     1
  Eat: Chunk             ||     6
Armor: Robe              ||    23
       Skin              ||     1
Dodge: Dodged            ||   118
